 Dungeon Sprint DCSS version 0.19.0-9-gfd783f2 (webtiles) character file.

569 LORDOFBUTT the Imperceptible (level 7, -6/33 HPs)
             Began as a Spriggan Assassin on Nov 7, 2016.
             Mangled by a human
             ... wielding a +2 mace of holy wrath
              (7 damage)
             ... in the Dungeon (Sprint III: "The Ten Rune Challenge").
             The game lasted 00:01:28 (150 turns).

LORDOFBUTT the Imperceptible (Spriggan Assassin)     Turns: 150, Time: 00:01:28

Health: -6/33      AC:  3    Str:  7    XL:     7   Next: 11%
Magic:  7/8        EV: 17    Int: 12    God:
Gold:   45         SH:  0    Dex: 20    Spells: 1 memorised, 5 levels left

rFire  . . .     SeeInvis +     a - +2 dagger
rCold  . . .     Gourm    .     c - +0 robe
rNeg   . . .     Faith    .     (shield restricted)
rPois  .         Spirit   .     (helmet restricted)
rElec  .         Reflect  .     d - +0 cloak
rCorr  .         Harm     .     (gloves unavailable)
MR     +....     NoTele   +     (boots unavailable)
Stlth  ++++++++..               (no amulet)
                                (no ring)
                                (no ring)

@: very slightly contaminated, very quick
A: unfitting armour, see invisible, herbivore 3, speed 3, slow metabolism 2
a: no special abilities


You were in the Dungeon.
You were not hungry.

You visited 1 branch You collected 45 gold pieces.

Inventory:

Hand Weapons
 a - a +2 dagger (weapon)
 b - a +0 blowgun
Missiles
 e - 7 poisoned needles
Armour
 c - a +0 robe (worn)
 d - a +0 cloak (worn)
Scrolls
 m - a scroll of blinking
 o - 2 scrolls of torment {unknown}
 p - 3 scrolls of identify
 q - 3 scrolls of remove curse
Potions
 h - a potion of curing
 i - a potion of heal wounds
 j - a potion of haste
 k - 3 potions of magic
 l - a potion of berserk rage
 n - 2 potions of mutation {unknown}
 r - 3 potions of cure mutation
 s - 2 potions of flight {unknown}
Books
 t - a book of Cantrips

   Spells                             Type                      Level
   a - Confusing Touch                Hexes                        1
   b - Animate Skeleton               Necromancy                   1
   c - Summon Small Mammal            Summoning                    1
   d - Apportation                    Translocation                1
Comestibles
 g - 4 bread rations


   Skills:
 - Level 1.5 Fighting
 - Level 2.1 Short Blades
 - Level 2.0 Throwing
 - Level 1.5 Dodging
 * Level 21.4 Stealth
 + Level 0.0 Spellcasting
 + Level 0.0 Hexes


You had 5 spell levels left.
You knew the following spells:

 Your Spells              Type           Power        Failure   Level  Hunger
a - Confusing Touch       Hex            #.....       34%         1    ##.....


Dungeon Overview and Level Annotations

Branches:
Dungeon (1/1)

Altars:
Elyvilon
Kikubaaqudgha
Okawaru
Sif Muna
Trog
Uskayaw
Vehumet
Zin
The Shining One
Beogh


Innate Abilities, Weirdness & Mutations

You are very small and have problems with some larger weapons.
You are too small for most types of armour.
You have supernaturally acute eyesight. (SInv)
You are a herbivore.
You cover ground extremely quickly.
You need consume almost no food.


Message History

There is an open door here.
Things that are here:
a dagger; a robe Wield which item (- for none, * to show all)? (? for menu, Esc to quit)
You are already wielding that!
Firing (i - inventory):
e - 8 poisoned needles (quivered)
Press: ? - help, Shift-Dir - straight line, f/p - human
Aim: a human, wielding a mace of holy wrath (heavily wounded, slow, poisoned)
You shoot a poisoned needle. The poisoned needle hits the human.
The human is heavily wounded.
Wield which item (- for none, * to show all)? (? for menu, Esc to quit)
a - a +2 dagger (weapon)
The human hits you with a mace of holy wrath!
* * * LOW HITPOINT WARNING * * *
You hit the human.
The human is severely wounded.
You barely miss the human.
The human is severely wounded.
The human hits you with a mace of holy wrath!
You die...

▓<.#..'.....♣♣ ♣.##
▓..#..#..†...♣ ♣.#_
▓#'####....♣♣♣ ♣.#)
▓.....#....≈♣♣♣♣♣.##
▓.....#...≈≈.♣.♣..#.
▓.....#..≈≈≈≈..♣..'.
▓####'#..≈≈≈≈≈≈.♣.#.
▓.....#.≈≈≈≈≈≈....#.
▓.)@..#.≈≈≈≈≈.....#.
▓.p...#.≈≈≈....†..#'
▓(#####.p...p.....#.
▓p..(.............#_
▓▓▓▓▓▓▓▓▓▓▓▓▓▓▓▓▓▓▓▓


You could see 2 humans.

Vanquished Creatures
  A deep elf mage (D)
  A water elemental (D)
  A scorpion (D)
  A wizard (D)
  Jessica (D)
  A human (D)
  A kobold demonologist (D)
  An ooze (D)
  A rat (D)
9 creatures vanquished.

Notes
Turn   | Place    | Note
-------+----------+-------------------------------------------
     0 | D        | LORDOFBUTT the Spriggan Assassin began the quest for the Orb.
     0 | D        | Reached XP level 1. HP: 10/10 MP: 2/2
     4 | D        | Reached skill level 6 in Stealth
     7 | D        | Reached skill level 8 in Stealth
    12 | D        | Noticed Jessica
    16 | D        | Killed Jessica
    16 | D        | Reached skill level 11 in Stealth
    16 | D        | Reached XP level 2. HP: 14/14 MP: 3/3
    16 | D        | Reached XP level 3. HP: 18/18 MP: 4/4
    38 | D        | Reached skill level 12 in Stealth
    40 | D        | Noticed a scorpion
    47 | D        | Killed a scorpion
    47 | D        | Reached skill level 14 in Stealth
    47 | D        | Reached XP level 4. HP: 22/22 MP: 5/5
    76 | D        | Noticed a water elemental
    79 | D        | Killed a water elemental
    79 | D        | Reached skill level 15 in Stealth
    79 | D        | Reached XP level 5. HP: 25/25 MP: 6/6
    83 | D        | Found a radiant altar of Vehumet.
    83 | D        | Found a deep blue altar of Sif Muna.
    83 | D        | Found an ancient bone altar of Kikubaaqudgha.
    85 | D        | Reached skill level 16 in Stealth
    87 | D        | Reached skill level 17 in Stealth
    99 | D        | Found a glowing silver altar of Zin.
    99 | D        | Found a glowing golden altar of the Shining One.
    99 | D        | Found a white marble altar of Elyvilon.
   100 | D        | Noticed a deep elf mage
   102 | D        | Killed a deep elf mage
   102 | D        | Reached skill level 21 in Stealth
   102 | D        | Reached XP level 6. HP: 30/30 MP: 7/7
   102 | D        | Reached XP level 7. HP: 33/33 MP: 8/8
   105 | D        | Learned a level 1 spell: Confusing Touch
   109 | D        | Found a hide-covered altar of Uskayaw.
   109 | D        | Found a roughly hewn altar of Beogh.
   109 | D        | Found an iron altar of Okawaru.
   109 | D        | Found a bloodstained altar of Trog.
   109 | D        | Noticed a human
   110 | D        | Noticed a human
   148 | D        | HP: 1/33 [human/mace of holy wrath (8)]
   150 | D        | Mangled by a human

Skill      XL: |  1  2  3  4  5 |
---------------+----------------+-----
Stealth        | 11 14 15 21 | 21.4
Fighting       | |  1.5
Short Blades   | |  2.1
Throwing       | |  2.0
Dodging        | |  1.5

Action                   |  1- 3 |  4- 6 |  7- 9 || total
-------------------------+-------+-------+-------++-------
Melee: Dagger            |     5 |     4 |     2 ||    11
 Fire: Blowgun           |       |       |     3 ||     3
 Stab: Sleeping          |     5 |     4 |       ||     9
Dodge: Dodged            |       |       |     2 ||     2
